 Dungeon Crawl Stone Soup version 0.28-a0-723-g095bd1b44f (webtiles) character file.

Game seed: 16616967438544314337

30 ytrimaz the Grave Robber (level 3, -5/24 HPs)
             Began as a Demonspawn Necromancer on Oct 25, 2021.
             Killed from afar by a white imp (6 damage)
             ... with a puff of frost
             ... summoned by Natasha
             ... on level 2 of the Dungeon.
             The game lasted 00:01:19 (1232 turns).

ytrimaz the Grave Robber (Demonspawn Necromancer)   Turns: 1232, Time: 00:01:22

Health: -5/24      AC:  2    Str:  8    XL:     3   Next: 3%
Magic:  1/6        EV: 12    Int: 17    God:
Gold:   19         SH:  4    Dex: 13    Spells: 5/6 levels left

rFire   + . .      SeeInvis .   b - +0 dagger
rCold   + . .      Faith    .   (no shield)
rNeg    . . .      Spirit   .   a - +0 robe
rPois   +          Reflect  .   (no helmet)
rElec   +          Harm     .   (no cloak)
rCorr   +          Rampage  .   (no gloves)
Will    .....                   (no boots)
Stlth   ++........              (no amulet)
HPRegen 0.08/turn               f - ring of flight
MPRegen 0.10/turn               (no ring)

@: resistant, flying, slowed, very slow
A: condensation shield
a: no special abilities


You were on level 2 of the Dungeon.
You visited 1 branch of the dungeon, and saw 2 of its levels.

You collected 19 gold pieces.

Inventory:

Hand Weapons
 b - a +0 dagger (weapon)
Armour
 a - a +0 robe (worn)
Jewellery
 f - a ring of flight (left hand)
Potions
 e - a potion of lignification {unknown}


   Skills:
 - Level 1.7 Dodging
 - Level 1.7 Stealth
 + Level 2.4 Spellcasting
 + Level 5.2 Necromancy


You had 5 spell levels left.
You knew the following spells:

 Your Spells              Type           Power      Damage    Failure   Level
a - Pain                  Necr           76%        1d7       2%          1

Your spell library contained the following spells:

 Spells                   Type           Power      Damage    Failure   Level
 Animate Skeleton         Necr           38%        N/A       2%          1
 Vampiric Draining        Necr           9%         2d7       7%          3
 Animate Dead             Necr           9%         N/A       22%         4
 Agony                    Necr           19%        N/A       52%         5


Dungeon Overview and Level Annotations

Branches:
Dungeon (2/15)

Altars:

Annotations:
D:2 Natasha


Innate Abilities, Weirdness & Mutations

A meltable shield of frost defends you. (SH +4)


Message History

Natasha writhes in agony.
Natasha stares at you and mumbles some strange words.
You feel as though you will be slow longer.
Natasha wildly gestures.
Natasha glows brightly for a moment.
Natasha claws you!
* * * LOW HITPOINT WARNING * * *
It was a potion of curing.
You feel better. The white imp closely misses you. Natasha barely misses you.
It was a potion of resistance.
You feel protected. You block the white imp's attack.
Natasha mumbles some strange words.
You feel disoriented. Natasha barely misses you.
The white imp barely misses you.
Natasha stares at you and mumbles some strange words.
You feel as though you will be slow longer.
You hit Natasha.
Natasha is heavily wounded.
The white imp gestures at you. The puff of frost hits you. You resist.
Natasha closely misses you.
You hit Natasha.
Natasha is severely wounded.
The white imp hits you. The white imp freezes you. You resist.
* * * LOW HITPOINT WARNING * * *
You block Natasha's attack. The white imp gestures at you.
The puff of frost hits you. You resist.
* * * LOW HITPOINT WARNING * * *
Natasha claws you.
* * * LOW HITPOINT WARNING * * *
Casting: Pain (safe; 2% risk of failure)
Confirm with . or Enter, or press ? or * to list all spells.
Aiming: Pain (safe; 2% risk of failure)
Press: ? - help, Shift-Dir - straight line, f/p - Natasha
Aim: Natasha (severely wounded, chance to affect: 78%) Natasha barely resists.
The white imp gestures at you. The puff of frost hits you. You resist.
You die...

#.#.#####....................
#.........####..)#.....####.#
###.######...#.>.............
..# #...#...#...#.###### ..#
#...#...#...#.# #...
#...#####..†#.###.##
#####...# #####.....#
...^....####### #######
#####(.@.)..... #.#h5......
#.#........ #.#.....$..
........... . .........
......... ..........


You could see Natasha and a white imp (summoned).

Vanquished Creatures
  A gnoll (D:1)
  A dart slug (D:2)
  2 ball pythons (D:1)
  An endoplasm (D:1)
  2 giant cockroaches
  A goblin (D:2)
  A hobgoblin (D:1)
  A bat (D:2)
  2 frilled lizards
  4 kobolds
  5 rats (D:1)
21 creatures vanquished.

Notes
Turn   | Place    | Note
-------+----------+-------------------------------------------
     0 | D:1      | ytrimaz the Demonspawn Necromancer began the quest for the
                  | Orb.
     0 | D:1      | Reached XP level 1. HP: 13/13 MP: 3/3
   201 | D:1      | Found a faded altar of an unknown god.
   441 | D:1      | Gained mutation: A meltable shield of frost defends you.
                  | (SH +4) [demonic ancestry]
   441 | D:1      | Reached XP level 2. HP: 16/19 MP: 1/5
   779 | D:1      | Reached skill level 5 in Necromancy
  1116 | D:2      | Reached XP level 3. HP: 15/24 MP: 1/6
  1220 | D:2      | Noticed Natasha
  1231 | D:2      | HP: 1/24 [Natasha (4)]
  1232 | D:2      | Killed from afar by a white imp

Illustrated notes

Levels and vault maps discovered:
D:1:      lightli_arrival_statuegarden, layout_loops_ring,
          dreamdust_ecumenical_altar_statues
D:2:      layout_basic, serial_shops, shop, uniq_natasha, uniq_terence

Skill      XL: |  1  2 |
---------------+-------+-----
Necromancy     | 5 |  5.2
Dodging        | |  1.7
Stealth        | |  1.7
Spellcasting   | |  2.4

Action                   || total
-------------------------++-------
Melee: Dagger            ||    12
 Cast: Pain              ||    37
  Use: Scroll            ||     1
       Potion            ||     2
Armor: Robe              ||     3
Dodge: Dodged            ||    11
Block: Other             ||     3

Table legend: (Time is in decaauts)
 A = Elapsed time spent in this place.
 B = Non-inter-level travel time spent in this place.
 C = Inter-level travel time spent in this place.
 D = Time resting spent in this place.
 E = Time spent auto-exploring this place.
 F = Levels seen in this place.
 G = Mean time per level.
                   A        B        C        D        E       F      G
               +--------+--------+--------+--------+--------+-----+--------+
         Total |   1234 |   1206 |     28 |    118 |    916 |   2 |  617.0 |
       Dungeon |   1234 |   1206 |     28 |    118 |    916 |   2 |  617.0 |
               +--------+--------+--------+--------+--------+-----+--------+

Top non-repeatable levels by time:
     D:1: 985 daAuts
     D:2: 248 daAuts
